 Dungeon Crawl Stone Soup version 0.21-a0-426-g98080a9 (webtiles) character file.

17503 kae the Martial Artist (level 12, 0/85 HPs)
             Began as a White Draconian Transmuter on Nov 6, 2017.
             Was an Elder of Hepliaklqana.
             Slain by a yak (7 damage)
             ... on level 2 of the Lair of Beasts.
             The game lasted 00:31:24 (21516 turns).

kae the Martial Artist (DrTm)                      Turns: 21516, Time: 00:31:25

Health: 0/85       AC: 11    Str: 16    XL:     12   Next: 19%
Magic:  23/25      EV: 15    Int: 14    God:    Hepliaklqana [****..]
Gold:   548        SH:  0    Dex: 19    Spells: 19/30 levels left

rFire    . . .     SeeInvis .     - Unarmed
rCold    + . .     Gourm    .   (shield currently unavailable)
rNeg     . . .     Faith    .   (armour unavailable)
rPois    .         Spirit   .   (helmet restricted)
rElec    .         Reflect  .   k - +1 cloak
rCorr    .         Harm     .   (gloves currently unavailable)
MR       .....                  C - +0 pair of boots
Stlth    ++........             (no amulet)
HPRegen  0.24/turn              N - +4 ring of dexterity
MPRegen  0.19/turn              I - +2 ring of strength (curse)

@: blade hands
A: breathe frost, unfitting armour, reduced essence, cold resistance 1,
cold-blooded, AC +8
a: Breathe Frost, End Transformation, Recall Ancestor, Ancestor Identity,
Transference, Idealise, Renounce Religion


You were on level 2 of the Lair of Beasts.
You worshipped Hepliaklqana.
Hepliaklqana was greatly pleased with you.
You were not hungry.
You had blades for hands.
You visited 3 branches of the dungeon, and saw 12 of its levels.
You also visited: Sewer, Ossuary and Ice Cave.

You collected 756 gold pieces.
You spent 208 gold pieces at shops.

Inventory:

Missiles
 r - 84 arrows
Armour
 k - a +1 cloak (worn)
 C - a +0 pair of boots (worn)
 E - a +0 pair of gloves (melded)
Jewellery
 g - an uncursed ring of protection from cold
 p - an uncursed ring of resist corrosion
 I - a cursed +2 ring of strength (right scythe-like blade)
 L - an uncursed ring of stealth
 N - a +4 ring of dexterity (left scythe-like blade)
Wands
 d - a wand of iceblast (3/15)
 o - a wand of polymorph (9/24)
 v - a wand of acid (2/15)
 B - a wand of polymorph (9/24)
 D - a wand of lightning (3/15)
 F - a wand of paralysis (12/24)
 G - a wand of iceblast (13/15)
 K - a wand of confusion (14/48)
Scrolls
 h - a scroll of magic mapping
 l - 2 scrolls of immolation
 n - a scroll of amnesia
 q - 2 scrolls of teleportation
 u - 7 scrolls of remove curse
 y - 5 scrolls of identify
Potions
 a - 2 potions of resistance
 e - 6 potions of brilliance
 f - a potion of haste
 i - 8 potions of curing
 j - 8 potions of flight
 t - 3 potions of agility
 w - 2 potions of degeneration
 z - a potion of lignification
 J - 2 potions of heal wounds
 O - a potion of cancellation
 Q - a potion of might
Books
 b - a book of Changes

   Spells                             Type                      Level
   a - Beastly Appendage              Transmutation                1
   b - Sticks to Snakes               Transmutation                2
   c - Spider Form                    Transmutation/Poison         3
   d - Ice Form                       Ice/Transmutation            4
   e - Blade Hands                    Transmutation                5
 A - a book of Air

   Spells                             Type                      Level
   a - Shock                          Conjuration/Air              1
   b - Swiftness                      Charms/Air                   2
   c - Static Discharge               Conjuration/Air              3
   d - Airstrike                      Air                          4
   e - Lightning Bolt                 Conjuration/Air              5
 M - the Tome of Feathers and Beguiling
   (You found it on level 1 of the Lair of Beasts)

   Spells                             Type                      Level
   a - Confuse                        Hexes                        3
   b - Lightning Bolt                 Conjuration/Air              5
   c - Conjure Ball Lightning         Conjuration/Air              6
   d - Darkness                       Hexes                        6
 P - a book of Ice

   Spells                             Type                      Level
   a - Ice Form                       Ice/Transmutation            4
   b - Metabolic Englaciation         Hexes/Ice                    5
   c - Ozocubu's Refrigeration        Ice                          6
   d - Bolt of Cold                   Conjuration/Ice              6
   e - Freezing Cloud                 Conjuration/Ice/Air          6
   f - Simulacrum                     Ice/Necromancy               6
Comestibles
 c - 5 bread rations
 s - 10 fruits
 x - a royal jelly
 H - 2 meat rations


   Skills:
 + Level 5.9 Fighting
 + Level 3.9 Dodging
 + Level 11.6 Unarmed Combat
 + Level 9.9 Spellcasting
 + Level 10.7 Transmutations
 + Level 4.1 Invocations


You had 19 spell levels left.
You knew the following spells:

 Your Spells              Type           Power        Failure   Level  Hunger
a - Beastly Appendage     Tmut           #####.       8%          1    None
b - Sticks to Snakes      Tmut           #####...     9%          2    None
c - Spider Form           Tmut/Pois      ###.......   28%         3    #......
d - Blade Hands           Tmut           #####.....   28%         5    #####..


Dungeon Overview and Level Annotations

Branches:
Dungeon (9/15)             Temple (1/1) D:5            Lair (2/6) D:8
  Swamp: Lair:2-4    Shoals: Lair:2-4     Snake: Lair:2-4    Spider: Lair:2-4
    Orc: D:9-12

Altars:
Ashenzari
Cheibriados
Dithmenos
Elyvilon
Fedhas
Gozag
Hepliaklqana
Kikubaaqudgha
Makhleb
Nemelex Xobeh
Okawaru
Qazlal
Ru
Sif Muna
Trog
Uskayaw
Vehumet
Wu Jian
Xom
Yredelemnul
Zin
The Shining One

Shops:
D:7 ?!!

Annotations:
Lair:2 exclusion: oklob plant


Innate Abilities, Weirdness & Mutations

You can breathe waves of freezing cold.
You can buffet flying creatures when you breathe cold.
Your icy white scales are hard. (AC +8)
You cannot fit into any form of body armour.
Your flesh is cold resistant. (rC+)
You are cold-blooded and may be slowed by cold attacks.
Your life essence is reduced to manifest your ancestor. (-10% HP)


Message History

The yak gores you.
You slash the komodo dragon!
You kill the komodo dragon!
The yak gores you.
* * * LOW HITPOINT WARNING * * *
The yak gores you!
* * * LOW HITPOINT WARNING * * *
The yak barely misses you.
You slice the yak!!
The yak is almost dead.
The yak gores you.
* * * LOW HITPOINT WARNING * * *
You slice the yak!!
You kill the yak!
The yak barely misses you. The yak gores you!
* * * LOW HITPOINT WARNING * * *
You slash the yak!
The yak is moderately wounded.
The yak gores you!
You die...

#.## ### ## ##.. ##.#
.#.. ...### ### P...
.....# ###.##..# .....##
#......# ......###
#......# ........#
###...†.# ........##
#....@†.##
.........####..†YY..#
.........##...##†$...#
.............####.......
........#.P..P# ##.....
.........##.### .#...
.........P...# ....
...........### ....
...........##


You could see 2 yaks.

Vanquished Creatures
  The ghost of kae the Geomancer, a novice GrEE of Vehumet (D:8)
  Pikel (D:6)
  Joseph (D:7)
  A black mamba (Lair:1)
  4 spiny frogs
  2 rime drakes (Lair:1)
  A komodo dragon (Lair:2)
  6 polar bears
  A troll (D:8)
  2 hippogriffs
  A wyvern (D:9)
  15 yaks
  Duvessa (D:7)
  5 water moccasins
  A slave (D:6)
  2 porcupines (Lair:2)
  2 orc warriors (D:7)
  3 sky beasts
  A necrophage (D:8)
  A phantom (D:8)
  2 wolves
  5 black bears (Lair:1)
  3 centaurs
  2 ogres
  2 crocodiles (Lair:1)
  3 elf zombies (Ossuary)
  3 big kobolds
  3 bullfrogs
  2 gnoll sergeants
  Dowan (D:7)
  3 scorpions
  5 killer bees (D:9)
  3 howler monkeys
  A wight (D:8)
  2 crimson imps
  A centaur zombie (Ossuary)
  6 hounds
  6 human zombies (Ossuary)
  7 orc priests
  A bullfrog skeleton (D:4)
  2 centaur skeletons (D:9)
  An iguana (D:7)
  A gnoll shaman (D:3)
  Natasha (thrice) (D:3)
  11 orc wizards
  6 worker ants
  A killer bee zombie (D:5)
  2 hound zombies (Ossuary)
  3 mummies (Ossuary)
  A howler monkey zombie (D:8)
  46 gnolls
  14 adders
  2 shadow imps
  4 oozes
  5 adder zombies (Ossuary)
  An adder skeleton (D:4)
  3 worms
  A dart slug (D:3)
  6 leopard geckos
  24 orcs
  3 ball pythons (Sewer)
  6 giant cockroaches
  5 goblins
  12 hobgoblins
  28 jackals
  2 quokkas
  7 bats
  3 frilled lizards
  2 goblin zombies (Ossuary)
  2 hobgoblin zombies (Ossuary)
  4 jackal zombies (Ossuary)
  24 kobolds
  2 kobold zombies (Ossuary)
  2 orc zombies (Ossuary)
  4 quokka zombies
  6 rats
  4 rat zombies (Ossuary)
366 creatures vanquished.

Vanquished Creatures (collateral kills)
  A two-headed ogre (D:8)
  An ice statue (IceCv)
  A komodo dragon (Lair:1)
  A rime drake (Lair:1)
  A hornet (D:9)
  3 yaks
  A porcupine (Lair:1)
  A sky beast (D:8)
  3 ogres
  A phantom (D:8)
  A black bear (Lair:1)
  2 wolves
  3 bullfrogs
  Blork the orc (D:6)
  3 wights (D:8)
  A howler monkey (D:9)
  2 electric eels (D:8)
  An orc priest (D:7)
  2 hounds (D:8)
  A jelly (D:8)
  A centaur skeleton (D:7)
  An orc wizard (D:6)
  A worker ant (D:5)
  A howler monkey zombie (D:8)
  8 gnolls
  3 adders
  An ooze (D:7)
  6 orcs
  2 giant cockroaches
  4 jackals
  A frilled lizard (D:2)
  A kobold (D:8)
61 creatures vanquished.

Vanquished Creatures (others)
  A wolf (IceCv)
  2 orc wizards
  An orc priest (D:6)
  7 hexers
  2 ancestors
  3 gnolls (D:6)
  An orc (D:6)
  4 fungi
  3 plants
24 creatures vanquished.

Grand Total: 451 creatures vanquished

Notes
Turn   | Place    | Note
-------+----------+-------------------------------------------
     0 | D:1      | kae the Draconian Transmuter began the quest for the Orb.
     0 | D:1      | Reached XP level 1. HP: 16/16 MP: 3/3
   118 | D:1      | Reached XP level 2. HP: 22/23 MP: 5/5
   788 | D:1      | Reached XP level 3. HP: 28/28 MP: 4/6
  1017 | D:2      | Learned a level 2 spell: Sticks to Snakes
  1021 | D:2      | Learned a level 3 spell: Spider Form
  1116 | D:2      | Reached skill level 4 in Unarmed Combat
  1272 | D:2      | Reached XP level 4. HP: 13/35 MP: 5/7
  1774 | D:3      | Found an iron altar of Okawaru.
  1840 | D:3      | Noticed an ogre
  1923 | D:3      | Killed an ogre
  1923 | D:3      | Reached XP level 5. HP: 39/40 MP: 4/9
  2391 | D:3      | Reached skill level 5 in Unarmed Combat
  2715 | D:3      | Noticed Natasha
  2723 | D:3      | Killed Natasha
  2866 | D:3      | Found an iron altar of Okawaru.
  3001 | D:3      | Noticed Natasha
  3009 | D:3      | Killed Natasha
  3009 | D:3      | Reached XP level 6. HP: 45/47 MP: 7/10
  3112 | D:3      | Noticed Natasha
  3125 | D:3      | Killed Natasha
  3369 | D:3      | Reached skill level 6 in Unarmed Combat
  3566 | D:3      | Your scales start taking on an icy white colour.
  3566 | D:3      | Reached XP level 7. HP: 42/52 MP: 9/12
  3566 | D:3      | Gained mutation: Your flesh is cold resistant. (rC+) [White Draconian growth]
  3688 | D:3      | HP: 1/52 [gnoll/tomahawk (6)]
  5943 | D:4      | Reached skill level 5 in Transmutations
  5951 | D:4      | Reached skill level 7 in Unarmed Combat
  5951 | D:4      | Reached XP level 8. HP: 53/59 MP: 15/15
  6836 | D:5      | Entered Level 5 of the Dungeon
  6905 | D:5      | Reached skill level 5 in Spellcasting
  6930 | D:5      | Found a glowing drain.
  7010 | Sewer    | Entered a sewer
  7412 | D:5      | Found a sand-covered staircase.
  7417 | Ossuary  | Entered an ossuary
  8195 | Ossuary  | Reached skill level 8 in Unarmed Combat
  9002 | D:5      | Reached XP level 9. HP: 64/64 MP: 18/18
  9076 | D:5      | Found a staircase to the Ecumenical Temple.
  9082 | Temple   | Entered the Ecumenical Temple
  9184 | Temple   | Became a worshipper of Hepliaklqana the Forgotten
 10111 | D:6      | Noticed Blork the orc
 10117 | D:6      | Killed Blork the orc
 10145 | D:6      | Noticed Pikel
 10430 | D:6      | Killed Pikel
 10646 | D:6      | Reached skill level 9 in Unarmed Combat
 11661 | D:7      | Found Xoiwk's Distillery.
 11671 | D:7      | Reached * piety under Hepliaklqana
 11691 | D:7      | Bought a potion of degeneration for 15 gold pieces
 11691 | D:7      | Bought a potion of lignification for 45 gold pieces
 12310 | D:7      | Found a shadowy altar of Dithmenos.
 12382 | D:7      | Noticed Duvessa
 12382 | D:7      | Noticed Dowan
 12390 | D:7      | Found Ositokuf's Magic Scroll Shoppe.
 12403 | D:7      | Learned a level 5 spell: Blade Hands
 12411 | D:7      | Bought a scroll of identify for 26 gold pieces
 12411 | D:7      | Bought a scroll of identify for 26 gold pieces
 12435 | D:7      | Killed Duvessa
 12448 | D:7      | Killed Dowan
 12565 | D:7      | Noticed Joseph
 12610 | D:7      | Reached XP level 10. HP: 37/63 MP: 17/21
 12918 | D:7      | Found Qoax's Distillery.
 12930 | D:7      | Bought 2 potions of agility for 96 gold pieces
 12974 | D:7      | HP: 1/63 [Joseph/uncursed quarterstaff (13)]
 12976 | D:7      | Killed Joseph
 13437 | D:8      | Reached ** piety under Hepliaklqana
 13438 | D:8      | Remembered your ancestor Eak as a hexer
 13653 | D:8      | Found a staircase to the Lair.
 13684 | D:8      | Noticed a two-headed ogre
 13703 | D:8      | Killed a two-headed ogre
 13703 | D:8      | Reached skill level 10 in Unarmed Combat
 13848 | D:8      | Noticed kae's ghost (novice GrEE)
 13858 | D:8      | Killed kae's ghost
 14350 | D:9      | HP: 3/63 [poisoned by a kobold]
 15605 | D:8      | Reached XP level 11. HP: 66/69 MP: 24/24
 16254 | D:9      | Reached skill level 11 in Unarmed Combat
 16366 | D:9      | Reached skill level 10 in Transmutations
 16558 | Lair:1   | Entered Level 1 of the Lair of Beasts
 16558 | Lair:1   | Reached *** piety under Hepliaklqana
 16822 | Lair:1   | Identified the Tome of Feathers and Beguiling
 16829 | Lair:1   | Reached skill level 1 in Invocations
 16843 | Lair:1   | Found a frozen archway.
 16863 | IceCv    | Entered an ice cave
 17194 | IceCv    | HP: 2/73 [polar bear (3)]
 19630 | Lair:2   | Reached skill level 5 in Fighting
 20007 | Lair:1   | Reached XP level 12. HP: 33/84 MP: 21/25
 20817 | Lair:2   | Noticed a seven-headed hydra
 21227 | Lair:2   | Reached **** piety under Hepliaklqana
 21516 | Lair:2   | Slain by a yak

Vault maps used:
D:1:      dpeg_arrival_three_same_balls, nrook_mini_backslash
D:3:      lemuel_castle_with_subvaults, marbit_many_paths,
          okawaru_metal_pillars_1_2, uniq_natasha
D:5:      minmay_temple_entry_nine_rooms, portal_sewer_entry_f,
          nicolae_ossuary_entry_false_entrances, first_bread
D:6:      uniq_blork_the_orc, uniq_pikel
D:7:      basic_altar, serial_shops, shop, shop, shop, uniq_joseph, uniq_duvessa
D:8:      erik_lair_island
Temple:   nicolae_temple_the_god_donut
Lair:1:   beast_lair_carwin_large_1, portal_ice_cave_rime, serial_bayou_shore_a
Lair:2:   minmay_lair_oklob_bushes, infiniplex_staircase_pool,
          lemuel_fruit_fields
Sewer:    sewer_co_15_rooms
Ossuary:  minmay_ossuary_two_tombs
IceCv:    ice_cave_caverns_02

Skill      XL: |  1  2  3  4  5  6  7  8  9 10 11 12 |
---------------+-------------------------------------+-----
Unarmed Combat | 4 5 6 7 8 9 10 11 | 11.6
Spellcasting   | 3 4 6 7 9 |  9.9
Transmutations | 3 4 5 6 8 9 10 | 10.7
Dodging        | 3 |  3.9
Fighting       | 5 |  5.9
Invocations    | 3 4 |  4.1

Action                   |  1- 3 |  4- 6 |  7- 9 | 10-12 || total
-------------------------+-------+-------+-------+-------++-------
Melee: Unarmed           |   139 |   214 |   776 |   453 ||  1582
       Tailslap          |    12 |    23 |    88 |    63 ||   186
       Kick              |     7 |    11 |    29 |       ||    47
       Headbutt          |     2 |     4 |    39 |     4 ||    49
       Punch             |     1 |     6 |    19 |    14 ||    40
 Cast: Beastly Appendage |    10 |    11 |    51 |     5 ||    77
       Sticks to Snakes  |     1 |    16 |     9 |    14 ||    40
       Spider Form       |       |       |    11 |     4 ||    15
       Blade Hands       |       |       |       |    23 ||    23
Invok: Ancestor Identity |       |       |     1 |     1 ||     2
       Recall Ancestor   |       |       |     1 |     1 ||     2
       Ancestor Life: He |       |       |       |     1 ||     1
 Abil: Breathe Frost     |       |       |     3 |     2 ||     5
Evoke: Wand              |       |       |       |     2 ||     2
  Use: Scroll            |     2 |     2 |    11 |     5 ||    20
       Potion            |       |     4 |     2 |     6 ||    12
 Stab: Sleeping          |     1 |       |       |     1 ||     2
       Distracted        |       |     3 |     2 |     7 ||    12
       Confused          |       |       |       |     5 ||     5
  Eat: Chunk             |     1 |     9 |    26 |    26 ||    62
       Meat ration       |       |       |     1 |       ||     1
       Bread ration      |       |       |       |     2 ||     2
Armor: Skin              |    58 |    57 |   237 |   171 ||   523
Dodge: Dodged            |   106 |   183 |   447 |   326 ||  1062

Table legend:
 A = Spawn XP
 B = Non-spawn XP
 C = Spawn XP percentage of total XP
 D = Spawn monster count
 E = Non-spawn monster count
 F = Spawn count percentage of total count
 G = Total turns spent on level
                    A         B        C        D         E        F      G
               +---------+---------+-------+---------+---------+-------+---------
         Total |       0 |   25005 |   0.0 |       0 |     427 |   0.0 | 21516
               +---------+---------+-------+---------+---------+-------+---------
           D:1 |       0 |      50 |   0.0 |       0 |      27 |   0.0 |   976
           D:2 |       0 |      85 |   0.0 |       0 |      25 |   0.0 |  1427
           D:3 |       0 |    1013 |   0.0 |       0 |      82 |   0.0 |  2935
           D:4 |       0 |     434 |   0.0 |       0 |      19 |   0.0 |  1498
           D:5 |       0 |     675 |   0.0 |       0 |      27 |   0.0 |  1563
           D:6 |       0 |     993 |   0.0 |       0 |      14 |   0.0 |  1111
           D:7 |       0 |    2190 |   0.0 |       0 |      44 |   0.0 |  1982
           D:8 |       0 |    4047 |   0.0 |       0 |      50 |   0.0 |  1577
           D:9 |       0 |    2177 |   0.0 |       0 |      27 |   0.0 |  1606
        Lair:1 |       0 |    5103 |   0.0 |       0 |      23 |   0.0 |  2461
        Lair:2 |       0 |    5291 |   0.0 |       0 |      24 |   0.0 |  1012
         Sewer |       0 |     166 |   0.0 |       0 |      16 |   0.0 |   262
       Ossuary |       0 |     753 |   0.0 |       0 |      39 |   0.0 |  1506
         IceCv |       0 |    2028 |   0.0 |       0 |      10 |   0.0 |  1485
               +---------+---------+-------+---------+---------+-------+---------
